 Dungeon Crawl Stone Soup version 0.23-a0-121-g4413648 (webtiles) character file.

349 Amnesiac the Gusty (level 6, -2/41 HPs)
             Began as a Mummy Air Elementalist on Aug 26, 2018.
             Shot with an arrow by a centaur (10 damage)
             ... on level 5 of the Dungeon.
             The game lasted 00:05:28 (2543 turns).

Amnesiac the Gusty (Mummy Air Elementalist)         Turns: 2543, Time: 00:05:29

Health: -2/41      AC:  2    Str: 11    XL:     6   Next: 33%
Magic:  5/13       EV: 12    Int: 16    God:
Gold:   112        SH:  0    Dex: 13    Spells: 3/15 levels left

rFire    x . .     SeeInvis .   c - +0 hunting sling
rCold    + . .     Gourm    .   (no shield)
rNeg     + + +     Faith    .   a - +0 robe
rPois    ∞         Spirit   .   (no helmet)
rElec    .         Reflect  .   (no cloak)
rCorr    .         Harm     +   (no gloves)
MR       .....                  (no boots)
Stlth    ++........             b - amulet of harm
HPRegen  0.13/turn              (no ring)
MPRegen  0.13/turn              (no ring)

@: no status effects
A: no food or potions, fire vulnerability, cold resistance 1, negative energy
resistance 3, torment resistance, unbreathing
a: no special abilities


You were on level 5 of the Dungeon.
You were not hungry.

You visited 1 branch of the dungeon, and saw 5 of its levels.

You collected 112 gold pieces.

Inventory:

Hand Weapons
 c - a +0 hunting sling (weapon)
 l - a +0 falchion
Missiles
 d - 21 sling bullets (quivered)
 e - 102 stones
Armour
 a - a +0 robe (worn)
Jewellery
 b - an amulet of harm (around neck)
Wands
 j - a wand of paralysis (9)
Scrolls
 f - a scroll of identify {!r}
 g - a scroll of enchant weapon {!r, unknown}
 h - a scroll of magic mapping {!r}
 i - 2 scrolls of remove curse {!r, unknown}
 k - a scroll of amnesia {!r, unknown}


   Skills:
 - Level 1.5 Dodging
 - Level 1.5 Stealth
 + Level 5.1 Spellcasting
 - Level 0.7 Conjurations
 * Level 5.1 Air Magic


You had 3 spell levels left.
You knew the following spells:

 Your Spells              Type           Power        Failure   Level  Hunger
a - Shock                 Conj/Air       ##..         4%          1    N/A
d - Airstrike             Air            ###.......   19%         4    N/A
e - Mephitic Cloud        Conj/Pois/Air  ##......     21%         3    N/A
v - Blink                 Tloc           N/A          22%         2    N/A
z - Swiftness             Chrm/Air       ##......     8%          2    N/A

Your spell library contained the following spells:

 Spells                   Type           Power        Failure   Level  Hunger
 Poisonous Vapours        Pois/Air       ##....       8%          2    N/A
 Magic Dart               Conj           #...         11%         1    N/A
 Static Discharge         Conj/Air       ##......     14%         3    N/A
 Call Imp                 Summ           #.......     22%         2    N/A
 Slow                     Hex            #.......     22%         2    N/A
 Conjure Flame            Conj/Fire      #.......     36%         3    N/A
 Summon Lightning Spire   Summ/Air       ##......     45%         4    N/A
 Lightning Bolt           Conj/Air       ##........   77%         5    N/A
 Force Lance              Conj/Tloc      #.......     78%         4    N/A
 Dispersal                Tloc           #.........   100%        6    N/A

Dungeon Overview and Level Annotations

Branches:
Dungeon (5/15)
 Temple: D:4-7

Altars:

Annotations:
D:4 Sigmund
D:5 1 runed door


Innate Abilities, Weirdness & Mutations

You do not eat or drink.
Your flesh is vulnerable to fire.
You are immune to poison.
Your flesh is cold resistant. (rC+)
You are immune to negative energy. (rN+++)
You are immune to unholy pain and torment.
You can survive without breathing.


Message History

You see here a falchion.
A quokka skeleton comes into view.
A quokka skeleton is nearby!
Casting: Shock (safe; 4% risk of failure)
Confirm with . or Enter, or press ? or * to list all spells.
Aiming: Shock (safe; 4% risk of failure)
Press: ? - help, Shift-Dir - straight line, f - quokka skeleton
Aim: a quokka skeleton (hasn't noticed you)
The zap hits the quokka skeleton.
The quokka skeleton is moderately damaged.
You see here a falchion.
You start resting.
Magic restored.
Casting: Shock (safe; 4% risk of failure)
Confirm with . or Enter, or press ? or * to list all spells.
You can't see any susceptible monsters within range! (Use Z to cast anyway.)
Casting: Shock (safe; 4% risk of failure)
Confirm with . or Enter, or press ? or * to list all spells.
You can't see any susceptible monsters within range! (Use Z to cast anyway.)
Casting: Shock (safe; 4% risk of failure)
Confirm with . or Enter, or press ? or * to list all spells.
Aiming: Shock (safe; 4% risk of failure)
Press: ? - help, Shift-Dir - straight line, p - quokka skeleton The zap hits the quokka skeleton.
The quokka skeleton is heavily damaged.
The zap hits the quokka skeleton.
You destroy the quokka skeleton!
You see here a falchion.
l - a falchion
Found an escape hatch in the ceiling.
Found a stone staircase leading up.
There is an escape hatch in the ceiling here.
There is a stone staircase leading up here.
There is an escape hatch in the ceiling here.
Okay, then.
Found a hunting sling.
Found a runed door.
The ball python hisses angrily.
You see here a hunting sling.
A centaur comes into view.
The centaur shouts!
The centaur wields a shortbow.
The centaur shoots an arrow.
The arrow hits you!
You see here an arrow.
The centaur shoots an arrow.
The arrow closely misses you.
You see here an arrow.
Casting: Shock (safe; 4% risk of failure)
Confirm with . or Enter, or press ? or * to list all spells.
Aiming: Airstrike (slightly dangerous; 19% risk of failure)
Press: ? - help, Dir - move target cursor, f - centaur
Aim: a centaur, wielding a shortbow The air twists around and strikes the centaur!
The centaur is heavily wounded.
The centaur shoots an arrow.
The arrow hits you!
* * * LOW HITPOINT WARNING * * *
The centaur shoots an arrow.
The arrow closely misses you.
Casting: Airstrike (slightly dangerous; 19% risk of failure)
Confirm with . or Enter, or press ? or * to list all spells.
Aiming: Airstrike (slightly dangerous; 19% risk of failure)
Press: ? - help, Dir - move target cursor, f/p - centaur
Aim: a centaur, wielding a shortbow (moderately wounded)
The air twists around and strikes the centaur!
The centaur is almost dead.
The centaur shoots an arrow.
The arrow hits you!
You die...

## ... #... ###
......##c.
#........##### ...
#......# #.. #.@#
#..####(##
###..#.)..# ###
..#......#### #.#
### #.......# ###<#
#.## ##+###..#
###...# #..## ≈≈
#..####..<### ##..#
#≈ #.........###
##..
#.###..##..<#######
#..


You could see a centaur.

Vanquished Creatures
  Grinder (D:3)
  An orc wizard (D:3)
  Ijyb (D:3)
  A worker ant (D:3)
  An adder (D:3)
  An ooze (D:2)
  An adder zombie (D:3)
  A worm (D:4)
  2 dart slugs
  A leopard gecko (D:2)
  4 orcs (D:3)
  4 giant cockroaches
  4 hobgoblins
  3 jackals (D:2)
  6 kobolds
  7 bats
  2 frilled lizards
  A giant cockroach zombie (D:5)
  5 goblins
  A quokka skeleton (D:5)
  3 rats
51 creatures vanquished.

Notes
Turn   | Place    | Note
-------+----------+-------------------------------------------
     0 | D:1      | Amnesiac the Mummy Air Elementalist began the quest for the Orb.
     0 | D:1      | Reached XP level 1. HP: 13/13 MP: 4/4
   330 | D:1      | Reached XP level 2. HP: 16/19 MP: 5/5
   337 | D:1      | Learned a level 2 spell: Swiftness
   691 | D:2      | Reached XP level 3. HP: 7/24 MP: 0/7
  1249 | D:4      | Noticed Sigmund
  1506 | D:3      | Reached XP level 4. HP: 23/30 MP: 3/9
  1512 | D:3      | Learned a level 4 spell: Airstrike
  1576 | D:3      | Noticed Ijyb
  1581 | D:3      | Paralysed by Ijyb for 2 turns
  1590 | D:3      | Killed Ijyb
  1631 | D:3      | Reached XP level 5. HP: 34/35 MP: 1/11
  1774 | D:3      | Noticed Grinder
  1789 | D:3      | Killed Grinder
  1789 | D:3      | Reached skill level 5 in Spellcasting
  1789 | D:3      | Reached skill level 5 in Air Magic
  1789 | D:3      | Reached XP level 6. HP: 27/41 MP: 2/13
  2361 | D:5      | Entered Level 5 of the Dungeon
  2419 | D:5      | Identified the Grimoire of Flying Translocation
  2427 | D:5      | Learned a level 3 spell: Mephitic Cloud
  2430 | D:5      | Learned a level 2 spell: Blink
  2536 | D:5      | Found a runed door.
  2543 | D:5      | Shot with an arrow by a centaur

Vault maps used:
D:1:      minmay_arrival_three_doors, minmay_octomino_c4
D:2:      uniq_jessica, uniq_terence, uniq_natasha
D:3:      minmay_misc_feat_roman, lemuel_another_geyser, uniq_grinder, uniq_ijyb
D:4:      portal_sewer_entry_f, first_ration, uniq_sigmund
D:5:      kennysheep_little_box, basic_altar, ebering_ghost_sewer_f,
          hangedman_abyss_or_decor_jellyfish_corner, uniq_pikel,
          uniq_crazy_yiuf_cottage

Skill      XL: |  1  2  3  4  5 |
---------------+----------------+-----
Air Magic      | 3 4 5 |  5.1
Spellcasting   | 3 4 5 |  5.1
Dodging        | |  1.5
Stealth        | |  1.5
Conjurations   | |  0.7

Action                   |  1- 3 |  4- 6 || total
-------------------------+-------+-------++-------
 Fire: Hunting sling     |    79 |     9 ||    88
 Cast: Shock             |    32 |    36 ||    68
       Airstrike         |       |     2 ||     2
       Swiftness         |       |     1 ||     1
  Use: Scroll            |     1 |     2 ||     3
Armor: Robe              |    13 |     5 ||    18
Dodge: Dodged            |    42 |    23 ||    65

Table legend:
 A = Non-vault XP
 B = Vault XP
 C = Vault XP percentage of total XP
 D = Non-vault monster count
 E = Vault monster count
 F = Vault count percentage of total count
                 A         B        C        D         E       F
            +---------+---------+-------+---------+---------+-------
      Total |     183 |     316 |  63.3 |      49 |       2 |   3.9
            +---------+---------+-------+---------+---------+-------
        D:1 |      28 |       0 |   0.0 |      15 |       0 |   0.0
        D:2 |      22 |       0 |   0.0 |       9 |       0 |   0.0
        D:3 |     126 |     316 |  71.5 |      22 |       2 |   8.3
        D:4 |       5 |       0 |   0.0 |       1 |       0 |   0.0
        D:5 |       2 |       0 |   0.0 |       2 |       0 |   0.0
            +---------+---------+-------+---------+---------+-------
